Map: [ESL] Gresvan

Players

SKillous - Winner!

  • Race: Protoss Protoss
  • Spawn Location: 11:00

Gerald

  • Race: Protoss Protoss
  • Spawn Location: 5:00

Event: ESL SC2 Masters 2023 Summer (Finals)

VOD

Have the link to the VOD?

Description

Time

  • Played on: June 16, 2023, 10:49 a.m.
  • Length: 19:18

All games in this series

Show
View Real Time Build Order
Export as new Build Order

SKillous Protoss - Winner!

Build Orders:  

Get SALT Encoding   

  12  0:00  Probe  
  13  0:12  Probe  
  14  0:17  Pylon  
  14  0:24  Probe  
  15  0:35  Gateway  
  15  0:38  Probe (Chrono Boost)  
  16  0:47  Probe (Chrono Boost), Assimilator  
  17  0:52  Probe (Chrono Boost)  
  17  0:55  Assimilator  
  19  1:04  Probe (Chrono Boost)  
  19  1:08  Gateway  
  19  1:13  Probe (Chrono Boost)  
  20  1:18  Probe  
  20  1:23  Cybernetics Core  
  21  1:30  Probe  
  22  1:34  Pylon  
  22  1:42  Probe  
  23  1:54  Probe  
  23  2:00  Stalker x2  
  28  2:03  Warp Gate  
  28  2:07  Probe  
  29  2:13  Pylon  
  29  2:19  Probe  
  30  2:31  Probe  
  30  2:32  Sentry  
  33  2:43  Probe  
  34  2:49  Nexus  
  34  2:56  Shield Battery  
  34  2:58  Probe  
  35  3:09  Shield Battery  
  35  3:10  Probe  
  36  3:22  Probe  
  36  3:23  Pylon  
  37  3:30  Twilight Council  
  36  3:34  Probe  
  36  3:38  Pylon  
  37  3:43  Gateway  
  37  3:49  Probe  
  38  3:55  Shield Battery  
  38  3:56  Stalker x2  
  38  4:01  Probe  
  38  4:02  Shield Battery  
  43  4:05  Probe  
  44  4:15  Shield Battery  
  44  4:19  Stalker x2  
  48  4:27  Blink (Chrono Boost), Pylon  
  48  4:28  Probe  
  47  4:32  Probe  
  47  4:40  Probe  
  47  4:41  Sentry  
  50  4:46  Stalker  
  52  4:53  Stalker  
  52  4:56  Probe x2 (Chrono Boost)  
  56  5:00  Pylon  
  56  5:08  Probe (Chrono Boost)  
  56  5:14  Probe (Chrono Boost)  
  58  5:15  Stalker x2  
  58  5:17  Probe (Chrono Boost)  
  58  5:21  Probe (Chrono Boost)  
  64  5:25  Probe  
  65  5:32  Nexus  
  65  5:36  Pylon  
  65  5:39  Probe x2  
  67  5:44  Pylon  
  67  5:45  Stalker  
  69  5:51  Probe  
  69  5:56  Stalker x2  
  74  5:58  Shield Battery  
  74  6:01  Probe (Chrono Boost)  
  75  6:04  Forge  
  75  6:05  Probe (Chrono Boost)  
  75  6:09  Assimilator  
  76  6:11  Stalker  
  76  6:14  Probe (Chrono Boost)  
  76  6:16  Probe (Chrono Boost)  
  80  6:19  Robotics Facility  
  80  6:21  Protoss Ground Weapons Level 1 (Chrono Boost)  
  80  6:26  Stalker  
  80  6:27  Shield Battery  
  80  6:31  Stalker  
  84  6:34  Probe x2  
  84  6:37  Shield Battery  
  86  6:46  Probe x2  
  86  6:47  Probe, Stalker  
  90  6:55  Stalker x2  
  90  6:58  Probe x2  
  96  7:06  Probe  
  96  7:08  Observer (Chrono Boost)  
  98  7:10  Probe x2  
  98  7:11  Gateway  
  98  7:12  Gateway  
  100  7:17  Pylon x2  
  100  7:18  Pylon  
  100  7:19  Gateway  
  100  7:28  Stalker x2  
  100  7:29  Probe  
  101  7:35  Probe x2  
  101  7:36  Warp Prism (Chrono Boost)  
  105  7:41  Stalker  
  105  7:45  Gateway  
  105  7:46  Assimilator  
  105  7:49  Pylon  
  105  7:52  Stalker x2  
  105  7:55  Pylon  
  109  8:03  Nexus  
  109  8:07  Pylon  
  109  8:12  Stalker x2  
  113  8:20  Stalker  
  113  8:25  Probe x2  
  113  8:26  Observer  
  116  8:27  Pylon  
  116  8:40  Probe  
  115  8:43  Stalker x5  
  115  8:45  Probe  
  126  8:48  Pylon  
  126  8:51  Stalker  
  126  8:54  Probe, Protoss Ground Weapons Level 2 (Chrono Boost)  
  129  8:56  Probe  
  130  9:08  Stalker x4  
  138  9:10  Probe  
  138  9:11  Probe  
  138  9:14  Forge, Observer  
  141  9:17  Probe  
  130  9:33  Stalker x3  
  130  9:37  Protoss Ground Armor Level 1 (Chrono Boost)  
  130  9:38  Zealot x4  
  122  9:39  Probe, Observer  
  122  9:40  Probe  
  122  9:41  Probe  
  122  9:43  Probe  
  122  9:45  Assimilator  
  132  9:49  Photon Cannon  
  132  9:51  Probe  
  132  9:52  Probe  
  132  9:53  Probe  
  132  9:55  Probe  
  132  9:57  Stalker  
  136  10:03  Probe  
  136  10:04  Probe  
  136  10:05  Probe, Observer, Stalker x2  
  143  10:07  Probe  
  143  10:09  Assimilator  
  143  10:12  Pylon, Shield Battery  
  144  10:15  Probe  
  144  10:16  Charge (Chrono Boost)  
  144  10:18  Probe  
  146  10:22  Nexus  
  146  10:23  Pylon  
  146  10:24  Gateway  
  146  10:26  Gateway  
  140  10:33  Stalker x3  
  133  10:37  Probe (Chrono Boost)  
  133  10:41  Observer  
  133  10:42  Probe (Chrono Boost)  
  133  10:45  Probe (Chrono Boost)  
  133  10:48  Probe (Chrono Boost)  
  134  10:55  Stalker x2  
  137  10:58  Shield Battery  
  135  11:04  Observer  
  135  11:06  Photon Cannon  
  135  11:07  Probe (Chrono Boost), Protoss Ground Weapons Level 3 (Chrono Boost)  
  135  11:09  Probe (Chrono Boost)  
  135  11:14  Probe (Chrono Boost)  
  135  11:16  Probe (Chrono Boost)  
  135  11:18  Probe (Chrono Boost)  
  135  11:19  Probe (Chrono Boost)  
  135  11:20  Photon Cannon, Shield Battery  
  135  11:23  Probe x2 (Chrono Boost), Stalker  
  139  11:27  Stalker x2  
  139  11:28  Probe  
  139  11:29  Probe  
  145  11:33  Probe  
  145  11:35  Probe  
  145  11:36  Protoss Ground Armor Level 2 (Chrono Boost)  
  145  11:37  Stalker x2  
  145  11:38  Probe  
  152  11:44  Shield Battery  
  152  11:45  Probe x3, Observer  
  155  11:47  Probe  
  155  11:50  Probe  
  155  11:53  Sentry  
  159  11:54  Stalker x2  
  159  11:58  Probe x2  
  159  11:59  Observer  
  165  12:01  Photon Cannon  
  165  12:02  Probe  
  165  12:04  Photon Cannon  
  165  12:05  Probe  
  165  12:07  Stalker  
  165  12:08  Pylon  
  170  12:10  Probe  
  170  12:15  Stalker x3  
  176  12:24  Stalker x3, Photon Cannon  
  176  12:26  Pylon  
  182  12:31  Nexus  
  182  12:37  Pylon, Stalker x2  
  186  12:45  Stalker x4  
  194  12:57  Stalker x3  
  199  13:04  Pylon  
  199  13:05  Nexus  
  199  13:09  Observer  
  197  13:14  Pylon  
  197  13:17  Photon Cannon  
  197  13:20  Photon Cannon  
  197  13:21  Pylon, Shield Battery  
  197  13:22  Gateway, Shield Battery  
  197  13:23  Stalker  
  197  13:27  Gateway, Shield Battery  
  199  13:28  Photon Cannon  
  199  13:31  Protoss Shields Level 1 (Chrono Boost), Photon Cannon  
  199  13:32  Photon Cannon  
  199  13:35  Pylon  
  199  13:38  Photon Cannon  
  199  13:39  Protoss Ground Armor Level 3 (Chrono Boost)  
  199  13:42  Gateway  
  199  13:52  Observer  
  194  14:00  Stalker x4  
  195  14:17  Pylon  
  195  14:20  Pylon  
  187  14:36  Stalker x5  
  187  14:37  Stalker x2  
  200  14:43  Photon Cannon  
  200  14:44  Photon Cannon  
  200  14:46  Photon Cannon  
  200  14:48  Observer  
  182  15:01  Stalker x9  
  182  15:03  Observer  
  182  15:05  Photon Cannon  
  200  15:14  Nexus  
  200  15:15  Pylon  
  200  15:17  Pylon  
  194  15:22  Nexus  
  194  15:24  Protoss Shields Level 2 (Chrono Boost)  
  194  15:25  Stalker x3  
  191  15:47  Stalker x5  
  199  15:51  Shield Battery  
  199  15:53  Shield Battery  
  199  15:55  Photon Cannon  
  199  15:58  Pylon, Photon Cannon  
  199  15:59  Photon Cannon  
  199  16:01  Photon Cannon  
  199  16:03  Photon Cannon  
  195  16:05  Photon Cannon  
  195  16:06  Photon Cannon  
  195  16:07  Stalker x3  
  195  16:08  Photon Cannon  
  195  16:10  Photon Cannon  
  187  16:11  Pylon  
  187  16:14  Pylon, Stalker x3  
  187  16:15  Stalker x6  
  185  16:35  Stalker  
  185  16:39  Stalker x8  
  200  16:40  Stalker  
  181  16:54  Observer  
  166  17:03  Zealot x9  
  172  17:24  Stalker x9  
  164  17:33  Pylon  
  164  17:34  Pylon  
  160  17:38  Probe x3  
  160  17:39  Probe x2  
  163  17:50  Probe x2  
  163  17:51  Probe x2, Stalker x4  
  158  18:04  Probe x2  
  136  18:06  Zealot x5  
  130  18:15  Zealot x4  
  134  18:22  Probe  
  134  18:24  Probe  
  134  18:25  Nexus  
  136  18:28  Probe, Pylon  
  136  18:31  Zealot x5  
  141  18:39  Probe  
  141  18:40  Probe x3  
  140  18:48  Probe  
  140  18:52  Probe x2  
  140  18:53  Probe  
  143  18:56  Zealot x7  
  143  19:00  Nexus  
  143  19:02  Pylon  
  155  19:17  Nexus  
Show
View Real Time Build Order
Export as new Build Order

Gerald Protoss 

Build Orders: Oracle Opening 

Get SALT Encoding   

  12  0:00  Probe  
  13  0:12  Probe  
  14  0:17  Pylon  
  14  0:24  Probe (Chrono Boost)  
  16  0:36  Probe (Chrono Boost)  
  16  0:37  Gateway  
  16  0:43  Probe (Chrono Boost)  
  16  0:45  Assimilator  
  17  0:50  Probe  
  17  0:55  Assimilator  
  18  1:03  Probe (Chrono Boost)  
  19  1:08  Gateway  
  19  1:13  Probe (Chrono Boost)  
  19  1:18  Probe (Chrono Boost)  
  20  1:25  Cybernetics Core  
  21  1:30  Probe  
  22  1:36  Pylon  
  22  1:42  Probe  
  24  1:54  Probe  
  24  2:01  Stargate  
  24  2:04  Adept  
  24  2:06  Adept  
  28  2:10  Probe  
  28  2:14  Warp Gate  
  29  2:21  Pylon  
  29  2:23  Probe  
  30  2:36  Probe  
  30  2:41  Oracle (Chrono Boost)  
  30  2:50  Probe  
  30  2:51  Stalker  
  36  3:00  Pylon  
  36  3:01  Stalker  
  38  3:08  Probe  
  39  3:27  Oracle (Chrono Boost)  
  42  3:37  Probe  
  42  3:40  Nexus  
  43  3:47  Twilight Council  
  43  3:52  Probe  
  44  4:04  Probe  
  45  4:16  Probe  
  46  4:24  Blink (Chrono Boost)  
  46  4:29  Probe  
  47  4:32  Gateway  
  47  4:49  Gateway  
  47  4:52  Probe  
  48  4:55  Probe  
  48  4:58  Stalker, Sentry  
  53  5:04  Probe  
  53  5:05  Pylon  
  54  5:08  Probe  
  55  5:16  Probe  
  55  5:20  Probe  
  57  5:23  Assimilator  
  57  5:25  Gateway  
  57  5:26  Stalker x2  
  59  5:28  Probe  
  59  5:31  Stalker  
  59  5:32  Probe  
  63  5:40  Probe  
  64  5:44  Probe  
  65  5:50  Nexus  
  65  5:53  Stalker  
  65  5:54  Pylon  
  67  5:59  Stalker  
  67  6:02  Pylon  
  69  6:08  Probe  
  70  6:13  Stalker x2  
  74  6:20  Stalker x2  
  74  6:23  Stalker  
  74  6:25  Probe  
  81  6:30  Probe  
  82  6:37  Probe  
  82  6:39  Stalker  
  85  6:42  Probe  
  85  6:45  Forge  
  86  6:49  Pylon  
  86  6:58  Pylon  
  86  7:01  Probe (Chrono Boost)  
  86  7:04  Probe (Chrono Boost), Stalker x3  
  91  7:13  Probe x2 (Chrono Boost)  
  93  7:18  Probe (Chrono Boost), Protoss Ground Weapons Level 1 (Chrono Boost)  
  93  7:19  Stalker x2  
  97  7:23  Probe  
  97  7:29  Probe  
  99  7:34  Probe, Charge (Chrono Boost)  
  99  7:35  Probe  
  99  7:36  Gateway  
  98  7:40  Gateway  
  98  7:41  Gateway  
  98  7:45  Gateway  
  98  7:47  Gateway  
  98  7:50  Dark Shrine  
  98  8:01  Nexus  
  98  8:13  Stalker x3  
  98  8:14  Stalker x2  
  108  8:20  Probe x2  
  110  8:29  Probe  
  109  8:35  Probe  
  109  8:40  Probe  
  109  8:41  Pylon  
  109  8:43  Pylon  
  109  8:46  Gateway  
  109  8:51  Gateway  
  109  8:59  Probe x3  
  109  9:02  Zealot x6  
  124  9:06  Pylon  
  124  9:11  Probe, Protoss Ground Weapons Level 2 (Chrono Boost)  
  124  9:12  Probe x2  
  124  9:13  Stalker x3  
  133  9:23  Zealot x5  
  118  9:32  Zealot  
  118  9:36  Zealot x2  
  118  9:37  Zealot  
  112  9:46  Zealot x7  
  112  9:50  Probe  
  112  9:51  Shield Battery  
  123  9:56  Dark Templar x3  
  129  10:02  Stalker x3  
  135  10:09  Stalker, Shield Battery  
  135  10:10  Stalker x2  
  141  10:20  Probe  
  142  10:33  Stalker x5  
  147  10:36  Probe  
  148  10:44  Pylon  
  148  10:46  Pylon  
  148  10:50  Probe x2  
  148  10:51  Nexus  
  148  10:54  Pylon, Assimilator  
  148  11:03  Dark Templar x2  
  152  11:06  Zealot x6  
  160  11:17  Probe  
  159  11:20  Robotics Facility, Photon Cannon  
  159  11:22  Pylon  
  159  11:32  Probe  
  160  11:34  Archon  
  160  11:36  Zealot  
  160  11:37  Zealot x5  
  160  11:39  Pylon  
  172  11:40  Probe  
  172  11:41  Probe, Photon Cannon  
  172  11:42  Shield Battery  
  172  11:43  Gateway  
  172  11:44  Probe  
  172  11:45  Gateway, Protoss Ground Weapons Level 3 (Chrono Boost), Photon Cannon  
  172  11:46  Photon Cannon  
  175  11:49  Probe  
  176  12:01  Photon Cannon  
  174  12:04  Probe  
  174  12:06  Probe  
  174  12:07  Gateway, Robotics Facility  
  174  12:08  Assimilator  
  176  12:09  Assimilator x2  
  176  12:12  Probe x2  
  176  12:15  Shadow Stride (Chrono Boost)  
  178  12:16  Zealot x10  
  178  12:22  Assimilator  
  198  12:25  Observer, Robotics Bay, Assimilator  
  199  12:39  Pylon  
  199  12:43  Pylon  
  199  12:46  Shield Battery  
  199  12:49  Assimilator  
  189  13:04  Probe  
  189  13:05  Pylon  
  190  13:07  Gravitic Boosters  
  190  13:11  Probe  
  183  13:15  Disruptor (Chrono Boost), Gateway  
  183  13:17  Disruptor (Chrono Boost)  
  183  13:19  Photon Cannon  
  189  13:20  Pylon  
  189  13:22  Dark Templar x5  
  198  13:34  Gateway  
  198  13:35  Gateway  
  198  13:36  Nexus, Pylon  
  198  13:37  Pylon  
  190  13:41  Disruptor (Chrono Boost), Stalker  
  190  13:44  Disruptor (Chrono Boost)  
  187  13:58  Stalker x4  
  187  13:59  Stalker x2  
  195  14:12  Disruptor  
  192  14:17  Disruptor  
  192  14:18  Protoss Ground Armor Level 1 (Chrono Boost)  
  192  14:19  Nexus  
  192  14:23  Photon Cannon  
  195  14:27  Stalker x6  
  195  14:36  Stalker x2  
  199  14:45  Dark Templar  
  199  14:48  Disruptor, Dark Templar x2  
  182  15:00  Stalker x2  
  182  15:01  Stalker x5  
  182  15:03  Probe, Shield Battery  
  182  15:04  Photon Cannon  
  197  15:07  Disruptor  
  196  15:20  Stalker x4  
  200  15:25  Assimilator  
  200  15:27  Assimilator  
  198  15:31  Pylon  
  195  15:36  Dark Templar x2  
  195  15:37  Dark Templar  
  183  15:45  Stalker x3  
  183  15:54  Observer  
  178  16:14  Stalker x8  
  178  16:15  Stalker  
  181  16:31  Stalker x4  
  175  16:44  Stalker x3  
  170  17:07  Cybernetics Core  
  170  17:09  Pylon  
  170  17:10  Gateway x2  
  170  17:12  Gateway  
  88  18:09  Pylon  
  88  18:10  Pylon  
  80  18:15  Pylon  
  80  18:17  Pylon  
  80  18:20  Pylon  
  80  18:21  Gateway  
  80  18:23  Pylon x2, Gateway  
  80  18:24  Pylon  
  80  18:25  Pylon x2  
  74  18:27  Probe  
  74  18:28  Probe, Pylon  
  74  18:30  Cybernetics Core  
  68  18:37  Zealot x2  
  68  18:40  Probe x2  
  73  18:47  Pylon  
  73  18:52  Probe x3, Pylon  
  76  18:57  Gateway  
  76  18:59  Gateway  
  76  19:00  Zealot  
  76  19:01  Zealot, Gateway  
  80  19:04  Probe x3  
  80  19:08  Assimilator  
  83  19:10  Robotics Facility  
  83  19:14  Zealot  
Tags
 
Add a new tag
Caveats
  • Supply blocks, unpowered buildings, or Contaminate may cause inaccurate times.
  • Supply counts are checked every 10 seconds.